 Dungeon Crawl Stone Soup version 0.28.0-1-gb440e238dd (webtiles) character file.

Game seed: 14091295020237656616

79 Fallenstar the Covered (level 4, -4/38 (40) HPs)
             Began as a Minotaur Fighter on Feb 22, 2022.
             Slain by Grinder (5 damage)
             ... on level 3 of the Dungeon.
             The game lasted 00:02:57 (1640 turns).

Fallenstar the Covered (Minotaur Fighter)           Turns: 1640, Time: 00:02:57

HP:   -4/38 (40)    AC:  7    Str: 22    XL:     4   Next: 17%
MP:   3/3           EV:  9    Int:  5    God:
Gold: 78            SH:  4    Dex: 10    Spells: 3/3 levels left

rFire   . . .      SeeInvis .   a - +0 war axe
rCold   . . .      Faith    .   c - +0 buckler
rNeg    . . .      Spirit   .   b - +0 scale mail
rPois   .          Reflect  .   (helmet restricted)
rElec   .          Harm     .   (no cloak)
rCorr   .          Rampage  .   (no gloves)
Will    .....                   (no boots)
Stlth   ..........              (no amulet)
HPRegen 0.12/turn               (no ring)
MPRegen 0.08/turn               (no ring)

@: drained
A: horns 2, retaliatory headbutt
a: no special abilities


You were on level 3 of the Dungeon.
You visited 1 branch of the dungeon, and saw 3 of its levels.

You collected 78 gold pieces.

Inventory:

Hand Weapons
 a - a +0 war axe (weapon)
 h - a +1 mace of holy wrath
Armour
 b - a +0 scale mail (worn)
 c - a +0 buckler (worn)
Jewellery
 o - a ring of positive energy
Scrolls
 e - a scroll of noise {unknown}
 g - a scroll of summoning {unknown}
 j - a scroll of identify {unknown}
 k - a scroll of torment {unknown}
 m - a scroll of teleportation {unknown}
Potions
 d - a potion of might
 f - a potion of magic {unknown}
 i - a potion of resistance {unknown}
 l - 2 potions of curing {unknown}
 n - a potion of flight {unknown}


   Skills:
 + Level 4.1 Fighting
 + Level 3.8 Axes
 + Level 4.3 Armour
 + Level 0.2 Dodging
 + Level 4.2 Shields


You had 3 spell levels left.
You didn't know any spells.
Your spell library contained the following spells:

 Spells                   Type           Power      Damage    Failure   Level
 Conjure Ball Lightning   Conj/Air       0%         3x3d6     100%        6
 Discord                  Hex            0%         N/A       100%        8
 Disjunction              Tloc           0%         N/A       100%        8


Dungeon Overview and Level Annotations

Branches:
Dungeon (3/15)

Altars:

Annotations:
D:3 Grinder


Innate Abilities, Weirdness & Mutations

You have a pair of horns on your head.
You reflexively headbutt those who attack you in melee.


Message History

You hit Grinder. Your headbutt misses Grinder.
Grinder is lightly wounded.
Grinder closely misses you. You furiously retaliate!
You headbutt Grinder!
Grinder zaps a wand.
The puff of flame hits you!
You closely miss Grinder. Your headbutt misses Grinder.
Grinder is moderately wounded.
You slash the frilled lizard!
You kill the frilled lizard!
Grinder zaps a wand.
The puff of flame misses you.
You hit Grinder.
Grinder is heavily wounded.
Grinder barely misses you. Grinder hits you.
You writhe in agony.
You are too injured to fight recklessly!
You are too injured to fight recklessly!
You are too injured to fight recklessly!
You are too injured to fight recklessly!
You barely miss Grinder. Your headbutt misses Grinder.
Grinder is heavily wounded.
Grinder zaps a wand.
The puff of flame hits you!
You closely miss Grinder.
Grinder is heavily wounded.
Grinder hits you but does no damage.
You barely miss Grinder. Your headbutt misses Grinder.
Grinder is heavily wounded.
Grinder hits you.
* * * LOW HITPOINT WARNING * * *
You writhe in agony.
* * * LOW HITPOINT WARNING * * *
Grinder says, "Just stop there for a second..."
Grinder gestures at you. You resist with significant effort.
You slash Grinder!
Grinder is almost dead.
Grinder closely misses you.
You hit Grinder. Your headbutt misses Grinder.
Grinder is almost dead.
Grinder hits you.
* * * LOW HITPOINT WARNING * * *
You writhe in agony.
You die...

##.##......#.#
.###...#..
#.####......###.####
#.####.#...........#
#.##.....#..##...#
#....#...#.....#.# .
#.####.......###.#
..# #.#
#......#..##.##...#
#.#
#.#######.......?..
#.###.# ###@.#....
##.#...# #)5......
.....### .........
.....# #..[......
.....# #.........
.....# #....##..#
.....# ..##.# (..
.....# .# .. ..
.....#


You could see Grinder.

Vanquished Creatures
  3 adders (D:2)
  A worm (D:2)
  2 dart slugs (D:1)
  An orc (D:3)
  8 ball pythons
  4 endoplasms
  2 giant cockroaches
  3 goblins
  5 hobgoblins
  6 kobolds
  A quokka (D:1)
  4 bats
  2 frilled lizards
  3 rats (D:1)
45 creatures vanquished.

Notes
Turn   | Place    | Note
-------+----------+-------------------------------------------
     0 | D:1      | Fallenstar the Minotaur Fighter began the quest for the
                  | Orb.
     0 | D:1      | Reached XP level 1. HP: 19/19 MP: 0/0
   262 | D:1      | Found a faded altar of an unknown god.
   266 | D:1      | Reached XP level 2. HP: 27/27 MP: 1/1
   860 | D:2      | Reached XP level 3. HP: 31/33 MP: 2/2
  1252 | D:2      | Reached XP level 4. HP: 30/37 MP: 3/3
  1628 | D:3      | Noticed Grinder
  1640 | D:3      | HP: 1/38 [Grinder (5)]
  1640 | D:3      | Slain by Grinder

Illustrated notes

Levels and vault maps discovered:
D:1:      minmay_arrival_split_and_join, layout_basic, basic_ecumenical_altar
D:2:      layout_basic
D:3:      layout_rooms, uniq_grinder

Skill      XL: |  1  2  3 |
---------------+----------+-----
Armour         | 4 |  4.3
Shields        | 4 |  4.2
Axes           | 3 |  3.8
Fighting       | 4 |  4.1
Dodging        | |  0.2

Action                   |  1- 3 |  4- 6 || total
-------------------------+-------+-------++-------
Melee: War axe           |    62 |    20 ||    82
       Headbutt          |     9 |     1 ||    10
Armor: Scale mail        |    31 |     5 ||    36
Dodge: Dodged            |    24 |    12 ||    36
Block: Buckler           |    13 |     2 ||    15
